 Dungeon Crawl Stone Soup version 0.29.1-15-g9cfb28693d (webtiles) character file.

Game seed: 4876836106785709950

884 croobank the Sneak (level 7, -1/76 HPs)
             Began as a Demonspawn Fire Elementalist on Apr 11, 2023.
             Slain by a yak (10 damage)
             ... on level 4 of the Dungeon.
             The game lasted 00:13:05 (6420 turns).

croobank the Sneak (Demonspawn Fire Elementalist)   Turns: 6420, Time: 00:13:06

Health: -1/76      AC: 23    Str:  8    XL:     7   Next: 76%
Magic:  4/12       EV:  2    Int: 19    God:
Gold:   100        SH:  0    Dex: 13    Spells: 6/12 levels left

rFire   . . .      SeeInvis .   i - +2 broad axe (venom)
rCold   . . .      Faith    .   (no shield)
rNeg    . . .      Spirit   .   (body armour currently unavailable)
rPois   +          Reflect  .   (helmet currently unavailable)
rElec   .          Harm     .   (cloak currently unavailable)
rCorr   .          Rampage  .   (gloves currently unavailable)
Will    .....      NoTele   +   (boots currently unavailable)
Stlth   +++.......              (no amulet)
HPRegen 0.22/turn               y - +4 ring of evasion
MPRegen 0.13/turn               (no ring)

@: tree-form, hasted, very quick
A: stationary, stasis, torment immunity, boosted hp, (antennae 2), (yellow
scales 1), ignite blood 2
a: no special abilities


You were on level 4 of the Dungeon.
You were a tree.
You visited 1 branch of the dungeon, and saw 5 of its levels.

You collected 217 gold pieces.
You spent 117 gold pieces at shops.

Inventory:

Hand Weapons
 a - a +1 dagger of draining
 b - a +0 sling
 i - a +2 broad axe of venom (weapon)
 m - the +5 whip of the Reaper {freeze, Will+}
   (You found it on level 2 of the Dungeon)

   It freezes those it strikes, dealing additional cold damage.
   It can also slow down cold-blooded creatures.
   Will:      It increases your willpower.
 r - a +3 mace
 s - a +0 war axe
 u - a +1 vorpal hand axe
 v - a +4 dagger
 w - a +0 long sword
 z - a +0 trident
Missiles
 c - 5 poisoned darts (quivered)
 o - a throwing net
Armour
 n - the +1 leather armour of Parphopn (melded) {rPois Str+3 Stlth-}
   (You found it on level 2 of the Dungeon)

   Str:       It affects your strength (+3).
   rPois:     It protects you from poison.
   Stlth:     It makes you less stealthy.
 p - a +0 pair of boots (melded)
 A - a +0 cloak (melded)
Magical Staves
 x - a staff of conjuration
Jewellery
 y - a +4 ring of evasion (left branch)
Scrolls
 f - 3 scrolls of blinking
 B - a scroll of noise
 D - a scroll of immolation {unknown}
Potions
 e - a potion of lignification
 g - 2 potions of degeneration {unknown}
 h - 3 potions of might {unknown}
 j - a potion of attraction {unknown}
 k - a potion of brilliance {unknown}
 l - a potion of flight {unknown}
 q - a potion of heal wounds {unknown}
 t - 2 potions of magic
 C - a potion of curing {unknown}
 E - a potion of mutation {unknown}


   Skills:
 + Level 2.6 Fighting
 + Level 3.2 Axes
 + Level 0.7 Armour
 + Level 3.1 Dodging
 + Level 4.2 Stealth
 + Level 3.4 Spellcasting
 + Level 3.0 Conjurations
 + Level 3.8 Fire Magic


You had 6 spell levels left.
You knew the following spells:

 Your Spells              Type           Power      Damage    Failure   Level
a - Foxfire               Conj/Fire      64%        2x1d7     3%          1
b - Scorch                Fire           34%        2d6       4%          2
c - Inner Flame           Hex/Fire       10%        N/A       21%         3

Your spell library contained the following spells:

 Spells                   Type           Power      Damage    Failure   Level
 Conjure Flame            Conj/Fire      16%        6-21      11%         3
 Flame Wave               Conj/Fire      16%        2d7       34%         4


Dungeon Overview and Level Annotations

Branches:
Dungeon (5/15)
 Temple: D:4-7

Altars:
Xom
Yredelemnul

Shops:
D:4 *


Innate Abilities, Weirdness & Mutations

You are a tree.
Your roots penetrate the ground, keeping you stationary.
You cannot be teleported.
You are immune to unholy pain and torment.
Your maximum health is greatly increased.
Your equipment is partially melded.
((You have a pair of antennae on your head.))
((You are partially covered in yellow scales. (AC +2)))
Your demonic aura often causes spilled blood to erupt in flames.


Message History

Your roots penetrate the ground.
The yak gores you.
The yak gores you but does no damage. x2
Casting: Foxfire (safe; 3% risk of failure)
Confirm with . or Enter, or press ? or * to list all spells.
Flames lash the yak.
The yak is moderately wounded.
The yak's fire resistance burns away.
The yak gores you but does no damage. x2
The yak gores you!
Casting: Scorch (safe; 4% risk of failure)
Confirm with . or Enter, or press ? or * to list all spells.
Flames lash the yak.
The yak is lightly wounded.
The yak's fire resistance burns away.
The yak gores you but does no damage. The yak gores you. The yak gores you!
Casting: Scorch (safe; 4% risk of failure)
Confirm with . or Enter, or press ? or * to list all spells.
Flames lash the yak.
The yak is burned terribly!
The yak is heavily wounded.
The yak gores you but does no damage. The yak gores you!
The yak gores you but does no damage.
Casting: Scorch (safe; 4% risk of failure)
Confirm with . or Enter, or press ? or * to list all spells.
Flames lash the yak.
The yak is burned terribly!
The yak is severely wounded.
The yak gores you. The yak gores you but does no damage.
The yak completely misses you.
Your +2 broad axe of venom begins to drip with poison!
i - a +2 broad axe of venom (weapon)
The yak is no longer more vulnerable to fire.
The yak gores you but does no damage. The yak completely misses you.
The yak gores you.
You barely miss the yak. You hit the yak but do no damage. You hit the yak.
The yak is poisoned.
The yak gores you.
* * * LOW HITPOINT WARNING * * *
The yak gores you.
* * * LOW HITPOINT WARNING * * *
The yak is engulfed in blazing flames.
The yak gores you!
* * * LOW HITPOINT WARNING * * *
It was a potion of haste.
You feel yourself speed up. The yak gores you!
You die...

#.............§.......###........
..............###......#.......>.
..#.....#..............#.........
###.....#..#.......##............
##...##....##.........)........##
.....##.....#..........##...#.##
....................[......##.#
.........##....#Y......#.######
.....#....#.....♣Y........###
..#........)...Y###......#..#
..#..#.........## #.#...)...##
.....#...<#..### ######.....#
.........##..# ##..###
....##.......# ####
.....##...#.## .)....##..###
......#####


You could see 3 yaks.

Vanquished Creatures
  Eustachio (D:4)
  Menkaure (D:5)
  2 black bears (D:4)
  2 ogres (D:4)
  2 hounds (D:5)
  An orc wizard (D:3)
  An iguana (D:4)
  7 adders
  3 dart slugs
  8 orcs
  8 bats
  6 endoplasms
  4 giant cockroaches
  5 goblins
  11 hobgoblins
  6 jackals (D:1)
  A quokka (D:5)
  4 ball pythons
  A frilled lizard (D:1)
  11 kobolds
  5 rats
90 creatures vanquished.

Vanquished Creatures (others)
  217 foxfires
217 creatures vanquished.

Grand Total: 307 creatures vanquished

Notes
Turn   | Place    | Note
-------+----------+-------------------------------------------
     0 | D:1      | croobank the Demonspawn Fire Elementalist began the quest
                  | for the Orb.
     0 | D:1      | Reached XP level 1. HP: 13/13 MP: 3/3
   247 | D:1      | Reached skill level 2 in Stealth
   247 | D:1      | Gained mutation: You have a pair of small antennae on your
                  | head. [demonic ancestry]
   247 | D:1      | Reached XP level 2. HP: 17/19 MP: 3/5
   253 | D:1      | Learned a level 2 spell: Scorch
  1025 | D:1      | Gained mutation: Your demonic aura sometimes causes spilled
                  | blood to erupt in flames. [demonic ancestry]
  1025 | D:1      | Reached XP level 3. HP: 25/25 MP: 3/6
  1029 | D:1      | Learned a level 3 spell: Inner Flame
  2113 | D:2      | Identified the +5 whip of the Reaper {freeze, Will+}
  2406 | D:2      | Reached skill level 1 in Fighting
  2409 | D:2      | Identified the +1 leather armour of Parphopn {rPois Str+3
                  | Stlth-}
  2505 | D:2      | Gained mutation: You have a pair of antennae on your head.
                  | [demonic ancestry]
  2505 | D:2      | Reached XP level 4. HP: 27/32 MP: 3/7
  2990 | D:3      | Reached skill level 1 in Axes
  3177 | D:3      | Found a faded altar of an unknown god.
  3365 | D:3      | Found a basalt altar of Yredelemnul.
  3881 | D:4      | Noticed a black bear
  4165 | D:3      | Reached XP level 5. HP: 23/37 MP: 0/8
  4745 | D:4      | Noticed an ogre
  4753 | D:4      | Killed an ogre
  4754 | D:4      | Reached skill level 3 in Stealth
  4756 | D:4      | Noticed an ogre
  4864 | D:4      | Killed an ogre
  4865 | D:4      | Gained mutation: Your demonic aura often causes spilled
                  | blood to erupt in flames. [demonic ancestry]
  4865 | D:4      | Reached XP level 6. HP: 44/44 MP: 0/10
  5143 | D:4      | Gained mutation: You are partially covered in yellow
                  | scales. (AC +2) [demonic ancestry]
  5143 | D:4      | Reached XP level 7. HP: 17/50 MP: 9/11
  5636 | D:4      | Found the +6 shillelagh "Devastator" {shatter}
  5681 | D:4      | Found Yczefad's Assorted Antiques.
  5690 | D:4      | Bought 2 scrolls labelled VOMEODGH PUCK for 48 gold pieces
  5690 | D:4      | Bought a blue potion for 21 gold pieces
  5690 | D:4      | Bought a scroll labelled HAOL AXOSCH for 24 gold pieces
  5690 | D:4      | Bought a scroll labelled YSYIN SOHOISESM for 24 gold pieces
  5924 | D:5      | Entered Level 5 of the Dungeon
  5924 | D:5      | Noticed Eustachio
  5924 | D:5      | Noticed a yak
  5924 | D:5      | Noticed a yak
  5924 | D:5      | Noticed a yak
  5924 | D:5      | Noticed a yak
  5924 | D:5      | Noticed a yak
  5924 | D:5      | Noticed a yak
  5932 | D:4      | Killed Eustachio
  5933 | D:4      | Reached skill level 4 in Stealth
  6187 | D:5      | Found a shimmering altar of Xom.
  6188 | D:5      | Noticed Menkaure
  6202 | D:5      | Killed Menkaure
  6420 | D:4      | Slain by a yak

Illustrated notes

Levels and vault maps discovered:
D:1:      onia_arrival_mini_maze, layout_basic
D:2:      layout_basic, basic_altar
D:3:      layout_rooms, yredelemnul_altar_generic, basic_ecumenical_altar,
          minmay_misc_feat_tiny, minmay_tree_intersection,
          nicolae_elevator_lobby_plus
D:4:      layout_cave_pools, serial_glass, glass_columns_b, glass_columns_a,
          serial_shops, nicolae_lakefront_shop, dilly_guarded_unrand_devastator
D:5:      layout_basic, amcnicky_altar_gilded, gammafunk_ghost_icy,
          kennysheep_generic_room_7, uniq_ijyb, uniq_eustachio, uniq_menkaure

Skill      XL: |  1  2  3  4  5  6  7 |
---------------+----------------------+-----
Stealth        | 2 3 4 |  4.2
Dodging        | 2 3 |  3.1
Fighting       | 1 2 |  2.6
Fire Magic     | 3 |  3.8
Axes           | 1 2 3 |  3.2
Conjurations   | 2 3 |  3.0
Spellcasting   | 3 |  3.4
Armour         | |  0.7

Action                   |  1- 3 |  4- 6 |  7- 9 || total
-------------------------+-------+-------+-------++-------
Melee: Unarmed           |     4 |       |       ||     4
       Dagger            |     8 |     3 |       ||    11
       Whip              |     5 |    14 |       ||    19
       Broad axe         |       |       |     1 ||     1
Throw: Dart              |     2 |       |       ||     2
 Cast: Foxfire           |    64 |    41 |    23 ||   128
       Scorch            |    16 |    21 |    14 ||    51
  Use: Scroll            |     1 |       |     5 ||     6
       Potion            |       |       |     2 ||     2
 Stab: Sleeping          |     1 |       |       ||     1
Armor: Robe              |     3 |       |       ||     3
       Leather armour    |       |    26 |     1 ||    27
       Skin              |       |       |     9 ||     9
Dodge: Dodged            |    26 |    36 |     8 ||    70
